SAA
ATHLETIC CLUB KC ACADEMY @ SPRINGFIELD SHOOTERS
09/03/2030
 
TOP OF THE 1ST
Athletic Club KC Academy batting - Pitching for Springfield Shooters : RHP Pierre Levegh
Pitching: RHP Pierre Levegh
Batting: LHB Takayuki Yoshikawa 0-0: Ball
1-0: Called Strike
1-1: Ground out 5-3 (Groundball, 5)
Batting: LHB Ramón Morterero 0-0: Ball
1-0: Fly out, F9 (Flyball, 89D)
Batting: RHB Colin Bottone 0-0: Foul Ball, location: 2F
0-1: Foul Ball, location: 2F
0-2: Ball
1-2: Hit by Pitch
Batting: LHB Pablo Hernández 0-0: Ball
Colin Bottone is caught stealing 2nd base
Top of the 1st over - 0 runs, 0 hits, 0 errors, 0 left on base; Athletic Club KC Academy 0 - Springfield 0
BOTTOM OF THE 1ST
Springfield Shooters batting - Pitching for Athletic Club KC Academy : LHP Mike Truk
Pitching: LHP Mike Truk
Batting: RHB Eun-bum Kim 0-0: Ball
1-0: Foul Ball, location: 2F
1-1: Foul Ball, location: 2F
1-2: Ball
2-2: Ball
3-2: Foul Ball, location: 2F
3-2: Foul Ball, location: 2F
3-2: SINGLE (Line Drive, 4D)
Batting: RHB Barrett Drury 0-0: Ball
1-0: Foul Ball, location: 2F
1-1: Foul Ball, location: 2F
1-2: Fielders Choice at 2nd, 6-4 (Groundball, 6)
Batting: RHB Sébastien Bernard 0-0: DOUBLE (Line Drive, 78D)
Barrett Drury to third
Runner from 3rd tries for Home, SAFE, no throw
Batting: LHB John Schaefer 0-0: Ball
1-0: Called Strike
1-1: Ball
2-1: Ball
3-1: Foul Ball, location: 2F
3-2: Foul Ball, location: 2F
3-2: Foul Ball, location: 2F
3-2: Strikes out swinging
Batting: RHB Mike Mays 0-0: Ball
1-0: Ball
2-0: Ball
3-0: Called Strike
3-1: Base on Balls
Batting: RHB Tony Martínez 0-0: Ground out U3 (Groundball, 3)
Bottom of the 1st over - 1 run, 2 hits, 0 errors, 2 left on base; Athletic Club KC Academy 0 - Springfield 1
TOP OF THE 2ND
Athletic Club KC Academy batting - Pitching for Springfield Shooters : RHP Pierre Levegh
Batting: LHB Pablo Hernández 0-0: Called Strike
0-1: Called Strike
0-2: Strikes out looking
Batting: RHB Roger Caffyn 0-0: Ball
1-0: Ball
2-0: Called Strike
2-1: Foul Ball, location: 2F
2-2: Strikes out swinging
Batting: RHB Tae-kyun Chon 0-0: Swinging Strike
0-1: Ball
1-1: Fly out, F5 (Line Drive, 56S)
Top of the 2nd over - 0 runs, 0 hits, 0 errors, 0 left on base; Athletic Club KC Academy 0 - Springfield 1
BOTTOM OF THE 2ND
Springfield Shooters batting - Pitching for Athletic Club KC Academy : LHP Mike Truk
Batting: LHB César Gómes 0-0: Ground out 6-3 (Groundball, 6)
Batting: RHB Júlio Barajas 0-0: Ball
1-0: Called Strike
1-1: Called Strike
1-2: Ball
2-2: Ball
3-2: Base on Balls
Batting: RHB Jack Stidston 0-0: Called Strike
0-1: Ball
1-1: Swinging Strike
1-2: Hit by Pitch
Júlio Barajas to second
Batting: RHB Eun-bum Kim 0-0: Foul Ball, location: 2F
0-1: Fly out, F9 (Line Drive, 9)
Batting: RHB Barrett Drury 0-0: Called Strike
0-1: Ball
1-1: Ball
2-1: Reached on error, E5 (Groundball, 56)
Júlio Barajas to third
Jack Stidston to second
Batting: RHB Sébastien Bernard 0-0: Called Strike
0-1: SINGLE (Flyball, 89S)
Júlio Barajas scores
Jack Stidston to third
Barrett Drury to second
Runner from 3rd tries for Home, SAFE, no throw
Batting: LHB John Schaefer 0-0: Called Strike
0-1: Fly out, F8 (Flyball, 8RXD)
Bottom of the 2nd over - 2 runs, 1 hit, 1 error, 2 left on base; Athletic Club KC Academy 0 - Springfield 3
TOP OF THE 3RD
Athletic Club KC Academy batting - Pitching for Springfield Shooters : RHP Pierre Levegh
Batting: RHB Dewey Nauss 0-0: Foul Ball, location: 2F
0-1: Called Strike
0-2: Ball
1-2: Ground out 6-3 (Groundball, 6)
Batting: RHB Tasuku Goto 0-0: Ball
1-0: Ball
2-0: Fly out, F3 (Popup, 23F)
Batting: RHB Troy Whitehurst 0-0: Called Strike
0-1: Foul Ball, location: 2F
0-2: Ball
1-2: Ball
2-2: Fly out, F7 (Flyball, 7LM)
Top of the 3rd over - 0 runs, 0 hits, 0 errors, 0 left on base; Athletic Club KC Academy 0 - Springfield 3
BOTTOM OF THE 3RD
Springfield Shooters batting - Pitching for Athletic Club KC Academy : LHP Mike Truk
Batting: RHB Mike Mays 0-0: Ball
1-0: Ball
2-0: Foul Ball, location: 2F
2-1: Swinging Strike
2-2: Ball
3-2: Base on Balls
Batting: RHB Tony Martínez 0-0: Called Strike
0-1: Ball
1-1: Swinging Strike
1-2: Strikes out swinging
Batting: LHB César Gómes 0-0: Called Strike
0-1: Foul Ball, location: 2F
0-2: Ball
1-2: Fielders Choice at 2nd, 4-6 (Groundball, 4M)
Batting: RHB Júlio Barajas 0-0: Ball
1-0: Called Strike
1-1: Ball
2-1: Ball
3-1: Base on Balls
César Gómes to second
Batting: RHB Jack Stidston 0-0: Ball
1-0: Called Strike
1-1: Foul Ball, location: 2F
1-2: Fielders Choice at 2nd, 6-4 (Groundball, 6)
Bottom of the 3rd over - 0 runs, 0 hits, 0 errors, 2 left on base; Athletic Club KC Academy 0 - Springfield 3
TOP OF THE 4TH
Athletic Club KC Academy batting - Pitching for Springfield Shooters : RHP Pierre Levegh
Batting: LHB Takayuki Yoshikawa 0-0: Ball
1-0: Ball
2-0: Bunt for hit - play at first, batter OUT! 1-3
Batting: LHB Ramón Morterero 0-0: Ball
1-0: Swinging Strike
1-1: Foul Ball, location: 2F
1-2: Ball
2-2: Ball
3-2: Ground out 6-3 (Groundball, 6S)
Batting: RHB Colin Bottone 0-0: Ball
1-0: Called Strike
1-1: Ball
2-1: Swinging Strike
2-2: Ball
3-2: Foul Ball, location: 2F
3-2: Foul Ball, location: 2F
3-2: Ground out 4-3 (Groundball, 34D)
Top of the 4th over - 0 runs, 0 hits, 0 errors, 0 left on base; Athletic Club KC Academy 0 - Springfield 3
BOTTOM OF THE 4TH
Springfield Shooters batting - Pitching for Athletic Club KC Academy : LHP Mike Truk
Batting: RHB Eun-bum Kim 0-0: Ground out U3 (Groundball, 34)
Batting: RHB Barrett Drury 0-0: Ground out 5-3 (Groundball, 5)
Batting: RHB Sébastien Bernard 0-0: Ball
1-0: Called Strike
1-1: Ball
2-1: SOLO HOME RUN (Line Drive, 89XD), Distance : 400 ft
Batting: LHB John Schaefer 0-0: Ball
1-0: Fly out, F9 (Flyball, 9)
Bottom of the 4th over - 1 run, 1 hit, 0 errors, 0 left on base; Athletic Club KC Academy 0 - Springfield 4
TOP OF THE 5TH
Athletic Club KC Academy batting - Pitching for Springfield Shooters : RHP Pierre Levegh
Batting: LHB Pablo Hernández 0-0: Called Strike
0-1: Ball
1-1: Swinging Strike
1-2: Ball
2-2: Fly out, F8 (Line Drive, 78S)
Batting: RHB Roger Caffyn 0-0: Ball
1-0: Foul Ball, location: 2F
1-1: Ball
2-1: Swinging Strike
2-2: Strikes out looking
Batting: RHB Tae-kyun Chon 0-0: Called Strike
0-1: Called Strike
0-2: Strikes out looking
Top of the 5th over - 0 runs, 0 hits, 0 errors, 0 left on base; Athletic Club KC Academy 0 - Springfield 4
BOTTOM OF THE 5TH
Springfield Shooters batting - Pitching for Athletic Club KC Academy : LHP Mike Truk
Batting: RHB Mike Mays 0-0: Ball
1-0: Ball
2-0: Foul Ball, location: 2F
2-1: Ball
3-1: Base on Balls
Batting: RHB Tony Martínez 0-0: Called Strike
0-1: Ball
1-1: Sac Bunt - play at first, batter OUT! 1-4
Mike Mays to second
Batting: LHB César Gómes 0-0: Ground out 5-3 (Groundball, 56)
Batting: RHB Júlio Barajas 0-0: Foul Ball, location: 2F
0-1: Swinging Strike
0-2: Strikes out swinging
Bottom of the 5th over - 0 runs, 0 hits, 0 errors, 1 left on base; Athletic Club KC Academy 0 - Springfield 4
TOP OF THE 6TH
Athletic Club KC Academy batting - Pitching for Springfield Shooters : RHP Pierre Levegh
Batting: RHB Dewey Nauss 0-0: Ball
1-0: Foul Ball, location: 2F
1-1: Foul Ball, location: 2F
1-2: Ball
2-2: Strikes out swinging
Batting: RHB Tasuku Goto 0-0: Called Strike
0-1: Foul Ball, location: 2F
0-2: Fly out, F7 (Flyball, 7S)
Batting: RHB Troy Whitehurst 0-0: Ball
1-0: Ball
2-0: Called Strike
2-1: Called Strike
2-2: Foul Ball, location: 2F
2-2: Foul Ball, location: 2F
2-2: Ground out 6-3 (Groundball, 6)
Top of the 6th over - 0 runs, 0 hits, 0 errors, 0 left on base; Athletic Club KC Academy 0 - Springfield 4
BOTTOM OF THE 6TH
Springfield Shooters batting - Pitching for Athletic Club KC Academy : LHP Mike Truk
Pitching: RHP Claudio Valenzuela
Batting: RHB Jack Stidston 0-0: Ball
1-0: Called Strike
1-1: Swinging Strike
1-2: Foul Ball, location: 2F
1-2: Strikes out looking
Batting: RHB Eun-bum Kim 0-0: Swinging Strike
0-1: Ball
1-1: Ball
2-1: Called Strike
2-2: SINGLE (Groundball, 4MD)
Batting: RHB Barrett Drury 0-0: Called Strike
0-1: Foul Ball, location: 2F
0-2: Ball
1-2: Ball
Eun-bum Kim steals 2nd base
2-2: Ground out 4-3 (Groundball, 4)
Eun-bum Kim to third
Batting: RHB Sébastien Bernard 0-0: Ball
1-0: Fly out, F3 (Popup, 3SF)
Bottom of the 6th over - 0 runs, 1 hit, 0 errors, 1 left on base; Athletic Club KC Academy 0 - Springfield 4
TOP OF THE 7TH
Athletic Club KC Academy batting - Pitching for Springfield Shooters : RHP Pierre Levegh
Batting: LHB Takayuki Yoshikawa 0-0: Ball
1-0: Ball
2-0: Ball
3-0: Called Strike
3-1: Base on Balls
Batting: LHB Ramón Morterero 0-0: Ball
1-0: Ball
2-0: SINGLE (Flyball, 9S)
Takayuki Yoshikawa to second
Runner from 2nd tries for 3rd, SAFE, throw made to third
Batting: RHB Colin Bottone 0-0: Ball
1-0: Called Strike
1-1: SINGLE (Line Drive, 6MD)
Takayuki Yoshikawa scores
Ramón Morterero to second
Batting: LHB Pablo Hernández 0-0: Foul Ball, location: 2F
0-1: Ball
1-1: Ball
2-1: Swinging Strike
2-2: Foul Ball, location: 2F
2-2: Fly out, F6 (Popup, 6M)
Pitching: RHP Rex Negrete
Batting: RHB Roger Caffyn 0-0: Called Strike
0-1: DOUBLE (Flyball, 8LD)
Ramón Morterero scores
Colin Bottone to third
Runner from 3rd tries for Home, SAFE, no throw
Pinch Hitting: LHB Chi-hun Chong 0-0: Called Strike
Roger Caffyn steals 3rd base
0-1: Ball
1-1: Ball
2-1: Ball
3-1: Base on Balls
Batting: RHB Dewey Nauss 0-0: Ball
1-0: Foul Ball, location: 2F
1-1: Ball
2-1: Foul Ball, location: 2F
2-2: Ball
3-2: SINGLE (Flyball, 7LS)
Roger Caffyn scores
Chi-hun Chong to second
Chi-hun Chong to third
Pinch Hitting: LHB Kwang-chih Feng 0-0: Called Strike
0-1: Ball
1-1: SINGLE (Line Drive, 4M)
Chi-hun Chong scores
Dewey Nauss to second
Pinch Hitting: LHB Abdallah Rweikiza 0-0: 3-RUN HOME RUN (Flyball, 9LD), Distance : 353 ft
Pitching: LHP Tomás Galván
Batting: LHB Takayuki Yoshikawa 0-0: SINGLE (Line Drive, 8LS)
Batting: LHB Ramón Morterero 0-0: Called Strike
Takayuki Yoshikawa steals 2nd base
0-1: Called Strike
0-2: Strikes out swinging
Batting: RHB Colin Bottone 0-0: Ball
1-0: Ball
2-0: SINGLE (Line Drive, 6D)
Takayuki Yoshikawa to third
Runner from 3rd tries for Home, SAFE, throw made home
Batting: LHB Pablo Hernández 0-0: Called Strike
0-1: Ball
1-1: Called Strike
1-2: Ball
2-2: Ball
3-2: SINGLE (Groundball, 6D)
Colin Bottone to second
Colin Bottone to third
Batting: RHB Roger Caffyn 0-0: Called Strike
0-1: Ball
1-1: Called Strike
1-2: Foul Ball, location: 2F
1-2: Strikes out looking
Top of the 7th over - 9 runs, 9 hits, 0 errors, 2 left on base; Athletic Club KC Academy 9 - Springfield 4
BOTTOM OF THE 7TH
Springfield Shooters batting - Pitching for Athletic Club KC Academy : RHP Claudio Valenzuela
Now at 2B: Roberto Romero
Now at 3B: Kwang-chih Feng
Now at SS: Abdallah Rweikiza
Now in RF: Arturo Annunziato
Batting: LHB John Schaefer 0-0: Ground out 4-3 (Groundball, 4MD)
Batting: RHB Mike Mays 0-0: Ball
1-0: Fly out, F5 (Popup, 5)
Batting: RHB Tony Martínez 0-0: Ball
1-0: Fly out, F7 (Flyball, 7LM)
Bottom of the 7th over - 0 runs, 0 hits, 0 errors, 0 left on base; Athletic Club KC Academy 9 - Springfield 4
TOP OF THE 8TH
Athletic Club KC Academy batting - Pitching for Springfield Shooters : LHP Tomás Galván
Batting: RHB Arturo Annunziato 0-0: Ball
1-0: Ball
2-0: Called Strike
2-1: Foul Ball, location: 2F
2-2: Ball
3-2: Strikes out swinging
Batting: RHB Dewey Nauss 0-0: SINGLE (Groundball, 56D)
Batting: LHB Kwang-chih Feng 0-0: Foul Ball, location: 2F
0-1: Ball
1-1: Ball
2-1: Foul Ball, location: 2F
2-2: Ball
3-2: Base on Balls
Dewey Nauss to second
Batting: LHB Abdallah Rweikiza 0-0: Ball
1-0: Called Strike
1-1: Grounds into double play, 5-4-3 (Groundball, 56)
Top of the 8th over - 0 runs, 1 hit, 0 errors, 1 left on base; Athletic Club KC Academy 9 - Springfield 4
BOTTOM OF THE 8TH
Springfield Shooters batting - Pitching for Athletic Club KC Academy : RHP Claudio Valenzuela
Batting: LHB César Gómes 0-0: Ball
1-0: Called Strike
1-1: Ball
2-1: Fly out, F8 (Flyball, 89M)
Batting: RHB Júlio Barajas 0-0: Ball
1-0: Called Strike
1-1: Ball
2-1: Called Strike
2-2: Ball
3-2: Foul Ball, location: 2F
3-2: Base on Balls
Batting: RHB Jack Stidston 0-0: Ball
1-0: Ball
2-0: Called Strike
2-1: Swinging Strike
2-2: Strikes out swinging
Batting: RHB Eun-bum Kim 0-0: Foul Ball, location: 2F
0-1: Foul Ball, location: 2F
0-2: Strikes out swinging
Bottom of the 8th over - 0 runs, 0 hits, 0 errors, 1 left on base; Athletic Club KC Academy 9 - Springfield 4
TOP OF THE 9TH
Athletic Club KC Academy batting - Pitching for Springfield Shooters : LHP Tomás Galván
Batting: LHB Takayuki Yoshikawa 0-0: Swinging Strike
0-1: Ground out 4-3 (Groundball, 4)
Batting: LHB Ramón Morterero 0-0: Called Strike
0-1: Foul Ball, location: 2F
0-2: Foul Ball, location: 2F
0-2: Ball
1-2: Ground out 4-3 (Groundball, 4D)
Batting: RHB Roberto Romero 0-0: Ball
1-0: DOUBLE (Line Drive, 8LXD)
Batting: LHB Pablo Hernández 0-0: Called Strike
0-1: Ball
1-1: Fly out, F9 (Flyball, 89D)
Top of the 9th over - 0 runs, 1 hit, 0 errors, 1 left on base; Athletic Club KC Academy 9 - Springfield 4
BOTTOM OF THE 9TH
Springfield Shooters batting - Pitching for Athletic Club KC Academy : RHP Claudio Valenzuela
Batting: RHB Barrett Drury 0-0: Ball
1-0: Swinging Strike
1-1: Foul Ball, location: 2F
1-2: Ball
2-2: Ground out 4-3 (Groundball, 4)
Batting: RHB Sébastien Bernard 0-0: Called Strike
0-1: Ball
1-1: Ball
2-1: Ball
3-1: Swinging Strike
3-2: Strikes out swinging
Batting: LHB John Schaefer 0-0: Called Strike
0-1: Ground out U3 (Groundball, 34)
Bottom of the 9th over - 0 runs, 0 hits, 0 errors, 0 left on base; Athletic Club KC Academy 9 - Springfield 4
Sunday, March 18th, 2018 - OOTP Baseball 18.8 Build 76